 Dungeon Crawl Stone Soup version 0.25.0-15-gac7dcb8919 (webtiles) character file.

Game seed: 9969474431842375255

(classic levelgen) 1 EnegeticOcto the Shield-Bearer (level 1, 19/19 HPs)
             Began as a Minotaur Fighter on June 28, 2020.
             Quit the game on level 1 of the Dungeon.
             The game lasted 00:00:39 (139 turns).

EnegeticOcto the Shield-Bearer (Minotaur Fighter)    Turns: 139, Time: 00:00:40

Health: 19/19      AC:  6    Str: 20    XL:     1   Next: 16%
Magic:  0/0        EV:  7    Int:  5    God:
Gold:   0          SH:  9    Dex:  9    Spells: 0/0 levels left

rFire    . . .     SeeInvis .   a - +0 war axe
rCold    . . .     Gourm    .   c - +0 kite shield
rNeg     . . .     Faith    .   b - +0 scale mail
rPois    .         Spirit   .   (helmet restricted)
rElec    .         Reflect  .   (no cloak)
rCorr    .         Harm     .   (no gloves)
MR       .....     Rnd*Tele +   (no boots)
Stlth    ..........             (no amulet)
HPRegen  0.06/turn              i - ring of teleportation (curse)
MPRegen  0.07/turn              (no ring)

@: no status effects
A: retaliatory headbutt, horns 2
a: no special abilities


You were on level 1 of the Dungeon.
You were not hungry.

You visited 1 branch of the dungeon, and saw 1 of its levels.

Inventory:

Hand Weapons
 a - a +0 war axe (weapon)
Armour
 b - a +0 scale mail (worn)
 c - a +0 kite shield (worn)
Jewellery
 i - a cursed ring of teleportation (left hand)
Potions
 d - a potion of might {@q3 !q}
 f - a potion of cancellation {unknown}
 g - 3 potions of curing {unknown}
 h - a potion of berserk rage {unknown}
Comestibles
 e - 2 rations


   Skills:
 + Level 3.6 Fighting
 * Level 2.5 Axes
 + Level 3.6 Armour
 + Level 3.6 Shields


You couldn't memorise any spells.
You didn't know any spells.
Your spell library was empty.

Dungeon Overview and Level Annotations

Branches:
Dungeon (1/15)

Altars:


Innate Abilities, Weirdness & Mutations

You reflexively headbutt those who attack you in melee.
You have a pair of horns on your head.


Message History

Welcome, EnegeticOcto the Minotaur Fighter.
The bosom of this dungeon contains the fabulous artefact, the Orb of Zot.
Press ? for a list of commands and other information.
Found a staircase leading out of the dungeon.
You open the door.
There is an open door here.
f - a bubbling amethyst potion You open the door.
There is an open door here.
g - 3 green potions
There is an open door here.
You open the gate.
There is an open gate here.
h - a bubbling brown potion
Found a stone staircase leading down.
e - 2 rations (gained 1)
A hobgoblin comes into view.
You closely miss the hobgoblin. The hobgoblin completely misses you.
Your shield and scale mail prevent you from hitting the hobgoblin.
You block the hobgoblin's attack. x2
Your shield and scale mail prevent you from hitting the hobgoblin.
The hobgoblin hits you.
You slash the hobgoblin!
You kill the hobgoblin!
No target in view!
No target in view!
No target in view!
No target in view!
No target in view!
HP restored.
Found 20 sling bullets.
A kobold comes into view. It is wielding a +0 club.
The kobold shouts!
The kobold throws a stone.
The stone barely misses you.
Found a stone.
You see here a shiny ivory ring.
i - a shiny ivory ring You feel slightly jumpy.
Oops, that ring feels deathly cold.
i - a cursed ring of teleportation (left hand) Are you sure you want to abandon this character and quit the game? (Confirm with "yes".)

..# #.# ...#.# ### #
#.#.###.## #. #........#
#. ###.###.## #K.
#.###.######
#..####.#........#
##.......#.#.####.#
#....@####.#.####.#
#.......# #.#...##.#
#.......(.##.#...##.####
+.........+.............
#.........##........####
##.......######..####
#### ##....(##
###.####### ...♣♣
##...## #.........#
....♣♣♣## #.#.#####.#


You could see a kobold.

Vanquished Creatures
  A hobgoblin (D:1)
1 creature vanquished.

Notes
Turn   | Place    | Note
-------+----------+-------------------------------------------
     0 | D:1      | EnegeticOcto the Minotaur Fighter began the quest for the
                  | Orb.
     0 | D:1      | Reached XP level 1. HP: 19/19 MP: 0/0
   139 | D:1      | Quit the game

Illustrated notes

Levels and vault maps discovered:
D:1:      sevenhm_arrival_forest_fort_large_2, layout_loops_corners

Action                   || total
-------------------------++-------
Melee: War axe           ||     4
Dodge: Dodged            ||     2
Block: Kite shield       ||     2
